AoeStats
← F31740

Black Forest

510909064Analyzed
4v4 RM · 10h ago on Oct 3, 2026· 72m 42s· 8 players
Game mode
Random Map
Map size
Large (8 player)
Population
200
Speed
Normal
Resources
Standard
Victory
Conquest
Starting age
Dark Age
Ending age
Imperial Age
RankedLock teamsTeams togetherTeam positionsShared explorationLock speedFull tech treeHidden civsTurbo modeCheats
Victory
Defeat
🇧🇷 Teutons · Brazil
830
+14
🇧🇷 Vietnamese · Brazil
796
+15
🇧🇷 Franks · Brazil
759
+17
🇧🇷 Wei · Brazil
753
+17
🇨🇳 Huns · China
823
-18
🇨🇱 Portuguese · Chile
812
-17
🇦🇷 Slavs · Argentina
767
-15
🇨🇱 Georgians · Chile
722
-13
Daniel
14:07 Feudal Age
14:07 Loom
14:59 Double-Bit Axe
20:32 Castle Age
22:06 Wheelbarrow
25:31 Bow Saw
25:07 Horse Collar
35:41 Forging
35:21 Fletching
35:31 Scale Mail Armor
35:32 Padded Archer Armor
37:02 Hand Cart
36:31 Elite Skirmisher
42:04 Imperial Age
39:13 Pikeman
39:53 Squires
39:39 Arson
40:49 Ballistics
42:21 Iron Casting
41:41 Bodkin Arrow
42:02 Chain Mail Armor
42:03 Leather Archer Armor
42:38 Leather Archer Armor
42:55 Thumb Ring
43:37 Imperial Skirmisher
46:28 Plate Mail Armor
46:29 Ring Archer Armor
45:48 Halberdier
48:14 Bracer
48:45 Ring Archer Armor
55:54 Chemistry
55:08 Masonry
54:54 Murder Holes
69:58 Town Watch
F31740
13:38 Feudal Age
13:12 Loom
16:06 Wheelbarrow
16:48 Double-Bit Axe
22:02 Castle Age
23:18 Horse Collar
24:51 Bow Saw
32:22 Hand Cart
32:29 Husbandry
33:11 Forging
33:07 Scale Barding Armor
38:47 Chain Barding Armor
39:50 Fletching
40:36 Iron Casting
40:18 Gold Mining
40:19 Stone Mining
40:33 Heavy Plow
41:00 Ballistics
40:22 Treadmill Crane
40:56 Bodkin Arrow
41:01 Padded Archer Armor
41:40 Gold Shaft Mining
41:43 Thumb Ring
41:57 Bloodlines
41:53 Tuntian
42:35 Stone Shaft Mining
44:49 Imperial Age
43:53 Leather Archer Armor
47:30 Chemistry
46:33 Bracer
47:03 Ring Archer Armor
47:34 Blast Furnace
45:58 Elite Tiger Cavalry
50:52 Heavy Hei Guang Cavalry
51:42 Capped Ram
54:05 Ming Guang Armor
55:26 Scale Mail Armor
58:30 Parthian Tactics
RodrigoOBOM
0:26 Loom
21:58 Feudal Age
26:39 Castle Age
36:17 Double-Bit Axe
40:12 Horse Collar
44:37 Bow Saw
44:30 Heavy Plow
47:16 Scale Mail Armor
48:07 Pikeman
51:17 Forging
51:36 Gold Mining
53:37 Bloodlines
58:07 Imperial Age
56:32 Ironclad
57:25 Wheelbarrow
56:35 Town Watch
57:08 Chain Mail Armor
58:54 Iron Casting
61:04 Conscription
61:31 Heavy Scorpion
64:04 Plate Mail Armor
63:41 Scale Barding Armor
64:19 Elite Teutonic Knight
65:55 Squires
65:40 Arson
67:45 Cavalier
71:33 Siege Engineers
Ananda
12:40 Feudal Age
18:42 Forging
20:41 Double-Bit Axe
25:24 Castle Age
25:04 Scale Barding Armor
26:26 Husbandry
26:29 Gold Mining
27:40 Bow Saw
31:59 Wheelbarrow
31:20 Stone Mining
34:28 Iron Casting
34:13 Chain Barding Armor
34:22 Hand Cart
41:36 Scale Mail Armor
42:23 Murder Holes
42:39 Masonry
53:46 Imperial Age
53:07 Gold Shaft Mining
52:56 Squires
52:42 Arson
53:15 Chain Mail Armor
53:49 Cavalier
55:33 Blast Furnace
55:09 Plate Barding Armor
57:54 Paladin
68:27 Plate Mail Armor
67:46 Elite Throwing Axeman
69:24 Chivalry
有福之人
13:07 Feudal Age
14:38 Double-Bit Axe
16:18 Fishing Lines
19:24 Castle Age
18:26 Horse Collar
19:59 Gillnets
24:12 Bow Saw
25:23 Gold Mining
27:03 Heavy Plow
26:36 Pikeman
27:34 Forging
28:13 Scale Barding Armor
28:30 Bloodlines
29:05 Husbandry
36:33 Imperial Age
33:50 Loom
34:29 Chain Barding Armor
37:17 Marauders
37:17 Elite Tarkan
38:39 Gold Shaft Mining
37:55 Stone Mining
39:12 Plate Barding Armor
39:03 Ballistics
39:41 Wheelbarrow
38:52 Town Watch
41:28 Chemistry
40:39 Masonry
41:51 Iron Casting
42:39 Hand Cart
44:29 Two-Man Saw
46:05 Town Patrol
47:10 Blast Furnace
49:13 Fletching
cronathor
15:02 Feudal Age
19:47 Castle Age
20:45 Double-Bit Axe
28:51 Forging
29:37 Scale Barding Armor
33:54 Iron Casting
34:09 Chain Barding Armor
34:22 Detinets
35:55 Gold Mining
35:55 Stone Mining
36:25 Bow Saw
36:52 Wheelbarrow
36:04 Town Watch
37:38 Pikeman
38:19 Squires
41:12 Imperial Age
41:57 Halberdier
42:43 Scale Mail Armor
45:54 Hand Cart
48:47 Elite Boyar
52:23 Gold Shaft Mining
52:03 Loom
52:14 Loom
56:54 Blast Furnace
56:30 Plate Barding Armor
55:37 Elite Skirmisher
56:16 Fletching
56:27 Padded Archer Armor
56:44 Chain Mail Armor
61:21 Ballistics
62:02 Chemistry
61:06 Bodkin Arrow
65:18 Husbandry
65:29 Bloodlines
64:40 Light Cavalry
Jacrew
1:04 Loom
16:39 Feudal Age
17:39 Double-Bit Axe
27:56 Forging
27:51 Scale Barding Armor
27:59 Fishing Lines
29:49 Bloodlines
34:53 Castle Age
35:47 Husbandry
35:08 Light Cavalry
35:17 Light Cavalry
36:17 Pikeman
38:27 Iron Casting
37:52 Scale Mail Armor
37:51 Crossbowman
44:36 Wheelbarrow
47:40 Imperial Age
47:30 Hand Cart
48:44 Conscription
50:26 Conscription
50:24 Halberdier
51:32 Town Watch
52:50 Blast Furnace
52:05 Chain Mail Armor
52:10 Chain Barding Armor
51:41 Fletching
51:51 Padded Archer Armor
52:23 Chain Barding Armor
52:41 Town Patrol
52:09 Elite Skirmisher
52:55 Thumb Ring
52:26 Cavalier
54:59 Chemistry
57:24 Coinage
57:25 Gillnets
57:09 Elite Organ Gun
59:13 Arson
60:12 Banking
61:55 Plate Barding Armor
61:51 Plate Mail Armor
61:17 Bodkin Arrow
65:43 Bow Saw
65:37 Bracer
65:53 Leather Archer Armor
66:14 Guilds
69:00 Treadmill Crane
69:26 Siege Engineers
69:31 Masonry
69:42 Ballistics
69:22 Murder Holes
Onox17
0:33 Loom
18:18 Feudal Age
22:48 Horse Collar
29:24 Castle Age
28:43 Forging
28:24 Fletching
29:29 Bloodlines
34:28 Scale Barding Armor
36:22 Iron Casting
35:42 Bodkin Arrow
36:08 Chain Barding Armor
35:55 Fishing Lines
38:09 Husbandry
39:02 Wheelbarrow
38:13 Town Watch
40:41 Fortified Wall
40:27 Murder Holes
40:31 Double-Bit Axe
40:49 Heavy Plow
45:21 Hand Cart
45:07 Town Patrol
48:38 Imperial Age
47:45 Gold Mining
47:46 Stone Mining
48:08 Bow Saw
50:33 Chemistry
49:54 Ballistics
50:00 Conscription
51:51 Aznauri Cavalry
53:07 Elite Monaspa
55:02 Blast Furnace
54:05 Bracer
57:28 Parthian Tactics
58:59 Plate Barding Armor
59:49 Heavy Cavalry Archer
65:57 Pikeman
66:24 Gambesons
66:39 Squires
66:24 Arson
66:49 Cavalier
71:17 Scale Mail Armor
71:18 Padded Archer Armor
Connection lost

Rejoining the realm…

Still unreachable

The connection could not be restored.

Session expired

The server has moved on; the page needs a fresh start.